[ PARTIDA AOE2 · #458900488 ]
UnrankedTeutones vs Burgundians
[ ANÁLISIS DE REPETICIÓN · EXTRAÍDO DE LA PARTIDA GRABADA ]
Feudal
—
Castillos
—
Imperial
—
| APM promedio | 29.3 |
| APM pico | 680 |
| eAPM promedio | 27.1 |
| Aldeanos / militares | 360 / 5758 |
Foco
⚔️ 71.3% · 🌾 28.7%
Knight ×2503 · Teutonic Knight ×1225 · Spearman ×794 · Mangonel ×436 · Bombard Cannon ×226 · Militia ×225
Feudal
—
Castillos
—
Imperial
—
| APM promedio | 41.3 |
| APM pico | 91 |
| eAPM promedio | 34.3 |
| Aldeanos / militares | 483 / 5430 |
Foco
⚔️ 62.4% · 🌾 37.6%
Scout Cavalry ×2388 · Mameluke ×1704 · Camel Scout ×618 · Mangonel ×546 · Trade Cart ×225 · Bombard Cannon ×174
Feudal
—
Castillos
—
Imperial
—
| APM promedio | 41.5 |
| APM pico | 112 |
| eAPM promedio | 34.1 |
| Aldeanos / militares | 637 / 4781 |
Foco
⚔️ 78.5% · 🌾 21.5%
Centurion ×1792 · Spearman ×896 · Scorpion ×834 · Militia ×594 · Knight ×322 · Trade Cart ×221
Feudal
—
Castillos
—
Imperial
—
| APM promedio | 26.7 |
| APM pico | 141 |
| eAPM promedio | 24.5 |
| Aldeanos / militares | 490 / 3861 |
Foco
⚔️ 55.5% · 🌾 44.5%
War Elephant ×2515 · Camel Scout ×460 · Scorpion ×453 · Trade Cart ×388 · Bombard Cannon ×230 · Mangonel ×200
Feudal
—
Castillos
—
Imperial
—
| APM promedio | 44.1 |
| APM pico | 120 |
| eAPM promedio | 39.8 |
| Aldeanos / militares | 966 / 5722 |
Foco
⚔️ 42.8% · 🌾 57.2%
Camel Scout ×1644 · Hand Cannoneer ×1438 · War Elephant ×1057 · Mangonel ×471 · Scorpion ×350 · Trade Cart ×295
Feudal
—
Castillos
—
Imperial
—
| APM promedio | 14.1 |
| APM pico | 62 |
| eAPM promedio | 13.2 |
| Aldeanos / militares | 67 / 1124 |
Foco
⚔️ 76.9% · 🌾 23.1%
Scout Cavalry ×490 · Knight ×404 · Coustillier ×96 · Bombard Cannon ×83 · Trade Cart ×61 · Mangonel ×34
Mapa de la partida
Recursos iniciales + cada clic de construcción. Líneas = muros · curvas = relieve. ◆ oro · ⬟ piedra · ● bayas · ✦ reliquia · ◌ hueco del cierre
Tu base· ✓ Separados por el mapa
Base de King· ✓ Separados por el mapa
Base de Rain· ✓ Separados por el mapa
Base de 疯狂的蚂蚁· ✓ Separados por el mapa
Base de MUL SHOP KEPPER_HAHA· ✓ Separados por el mapa
Base de Los Nuer· ✓ Separados por el mapa
Terreno inicial suavizado · ◌ = hueco del cierre detectado · pasá el cursor para detalles
Inputs por minuto
— MALKOÇOĞLU - - King
Build order — MALKOÇOĞLU
Primeras 150 de 1802 acciones detectadas
| 0:09 | Construir | Town Center |
| 0:10 | Construir | Town Center |
| 0:12 | Construir | Town Center |
| 0:13 | Construir | Town Center |
| 0:14 | Construir | Town Center |
| 0:15 | Construir | Town Center |
| 0:15 | Construir | Town Center |
| 0:17 | Construir | Town Center |
| 0:19 | Construir | Town Center |
| 0:31 | Crear | Villager (Male) ×5 |
| 0:31 | Crear | Villager (Male) ×5 |
| 0:31 | Crear | Villager (Male) ×5 |
| 0:32 | Crear | Villager (Male) ×5 |
| 0:54 | Crear | Villager (Male) ×5 |
| 0:55 | Crear | Villager (Male) ×5 |
| 0:55 | Crear | Villager (Male) ×5 |
| 0:55 | Crear | Villager (Male) ×5 |
| 0:56 | Crear | Villager (Male) ×5 |
| 1:04 | Construir | Market |
| 1:05 | Construir | Market |
| 1:08 | Construir | Market |
| 1:09 | Construir | Market |
| 1:11 | Construir | Market |
| 1:11 | Construir | Market |
| 1:14 | Construir | Market |
| 1:15 | Construir | Market |
| 1:26 | Crear | Villager (Male) ×5 |
| 1:27 | Crear | Villager (Male) ×5 |
| 1:27 | Crear | Villager (Male) ×5 |
| 1:27 | Crear | Villager (Male) ×5 |
| 1:28 | Crear | Villager (Male) ×2 |
| 1:38 | Construir | Town Center |
| 1:39 | Construir | Town Center |
| 1:40 | Construir | Town Center |
| 1:43 | Construir | Town Center |
| 1:45 | Construir | Town Center |
| 2:10 | Crear | Villager (Male) ×5 |
| 2:11 | Crear | Villager (Male) ×5 |
| 2:11 | Crear | Villager (Male) ×5 |
| 2:11 | Crear | Villager (Male) ×5 |
| 2:12 | Crear | Villager (Male) ×5 |
| 2:12 | Crear | Villager (Male) ×5 |
| 2:13 | Crear | Villager (Male) ×5 |
| 2:13 | Crear | Villager (Male) ×5 |
| 2:41 | Crear | Villager (Male) ×5 |
| 2:41 | Crear | Villager (Male) ×5 |
| 2:42 | Crear | Villager (Male) ×5 |
| 2:42 | Crear | Villager (Male) ×5 |
| 2:43 | Crear | Villager (Male) ×5 |
| 2:43 | Crear | Villager (Male) ×5 |
| 2:43 | Crear | Villager (Male) ×5 |
| 2:44 | Crear | Villager (Male) ×5 |
| 2:44 | Crear | Villager (Male) ×5 |
| 3:10 | Construir | Market |
| 3:11 | Construir | Market |
| 3:28 | Crear | Villager (Male) ×5 |
| 3:29 | Crear | Villager (Male) ×5 |
| 3:29 | Crear | Villager (Male) ×5 |
| 3:29 | Crear | Villager (Male) ×5 |
| 3:30 | Crear | Villager (Male) |
| 3:34 | Crear | Villager (Male) ×5 |
| 3:34 | Crear | Villager (Male) ×5 |
| 3:35 | Crear | Villager (Male) ×5 |
| 3:35 | Crear | Villager (Male) ×5 |
| 3:35 | Crear | Villager (Male) ×5 |
| 3:36 | Crear | Villager (Male) ×5 |
| 3:36 | Crear | Villager (Male) ×5 |
| 3:36 | Crear | Villager (Male) ×3 |
| 3:47 | Construir | House |
| 3:48 | Construir | House |
| 3:49 | Construir | House |
| 3:50 | Construir | House |
| 3:53 | Construir | House |
| 3:54 | Construir | House |
| 3:55 | Construir | House |
| 3:56 | Construir | House |
| 4:13 | Crear | Trade Cart ×5 |
| 4:14 | Crear | Trade Cart ×5 |
| 4:14 | Crear | Trade Cart ×5 |
| 4:14 | Crear | Trade Cart ×5 |
| 4:15 | Crear | Trade Cart ×5 |
| 4:15 | Crear | Trade Cart ×5 |
| 4:15 | Crear | Trade Cart ×5 |
| 4:16 | Crear | Trade Cart ×5 |
| 4:16 | Crear | Trade Cart ×5 |
| 4:42 | Construir | Mining Camp |
| 4:49 | Crear | Villager (Male) ×5 |
| 4:50 | Crear | Villager (Male) ×5 |
| 4:50 | Crear | Villager (Male) ×5 |
| 4:50 | Crear | Villager (Male) ×5 |
| 4:51 | Crear | Villager (Male) ×5 |
| 4:51 | Crear | Villager (Male) ×5 |
| 4:51 | Crear | Villager (Male) ×5 |
| 4:52 | Crear | Villager (Male) ×5 |
| 4:59 | Construir | Lumber Camp |
| 5:08 | Construir | Lumber Camp |
| 5:14 | Crear | Trade Cart ×5 |
| 5:15 | Crear | Trade Cart ×5 |
| 5:15 | Crear | Trade Cart ×5 |
| 5:16 | Crear | Trade Cart ×5 |
| 5:16 | Crear | Trade Cart ×5 |
| 5:17 | Crear | Trade Cart ×5 |
| 5:17 | Crear | Trade Cart ×5 |
| 5:17 | Crear | Trade Cart ×5 |
| 5:18 | Crear | Trade Cart ×5 |
| 5:18 | Crear | Trade Cart ×5 |
| 5:29 | Construir | House |
| 5:30 | Construir | House |
| 5:31 | Construir | House |
| 5:33 | Construir | House |
| 5:34 | Construir | House |
| 5:34 | Construir | House |
| 5:36 | Construir | House |
| 5:37 | Construir | House |
| 5:38 | Construir | House |
| 5:39 | Construir | House |
| 5:40 | Construir | House |
| 5:40 | Construir | House |
| 5:44 | Construir | House |
| 5:45 | Construir | House |
| 5:46 | Construir | House |
| 5:47 | Construir | House |
| 5:48 | Construir | House |
| 6:03 | Crear | Villager (Male) ×5 |
| 6:04 | Crear | Villager (Male) ×5 |
| 6:04 | Crear | Villager (Male) ×5 |
| 6:04 | Crear | Villager (Male) ×5 |
| 6:05 | Crear | Villager (Male) ×5 |
| 6:05 | Crear | Villager (Male) ×5 |
| 6:05 | Crear | Villager (Male) ×5 |
| 6:06 | Crear | Villager (Male) ×5 |
| 6:06 | Crear | Villager (Male) ×5 |
| 6:06 | Crear | Villager (Male) ×5 |
| 6:16 | Construir | Lumber Camp |
| 6:22 | Construir | Mining Camp |
| 6:29 | Construir | Mining Camp |
| 6:48 | Construir | Mining Camp |
| 7:02 | Crear | Trade Cart |
| 7:03 | Crear | Trade Cart |
| 7:03 | Crear | Trade Cart |
| 7:03 | Crear | Trade Cart |
| 7:04 | Crear | Trade Cart |
| 7:04 | Crear | Trade Cart ×5 |
| 7:05 | Crear | Trade Cart ×5 |
| 7:05 | Crear | Trade Cart ×5 |
| 7:05 | Crear | Trade Cart ×5 |
| 7:06 | Crear | Trade Cart ×5 |
| 7:06 | Crear | Trade Cart |
| 7:20 | Construir | House |
| 7:21 | Construir | House |
Build order — King
Primeras 150 de 1738 acciones detectadas
| 0:04 | Crear | Villager (Male) ×5 |
| 0:04 | Crear | Villager (Male) ×5 |
| 0:05 | Crear | Villager (Male) ×5 |
| 0:05 | Crear | Villager (Male) ×5 |
| 0:14 | Construir | Town Center |
| 0:16 | Construir | Town Center |
| 0:30 | Construir | Town Center |
| 0:33 | Construir | Town Center |
| 0:40 | Construir | Town Center |
| 0:43 | Construir | Town Center |
| 0:56 | Construir | Town Center |
| 0:58 | Construir | Town Center |
| 1:01 | Construir | Town Center |
| 1:01 | Construir | Town Center |
| 1:01 | Construir | Town Center |
| 1:01 | Construir | Town Center |
| 1:02 | Construir | Town Center |
| 1:02 | Construir | Town Center |
| 1:02 | Construir | Town Center |
| 1:03 | Construir | Town Center |
| 1:06 | Construir | Town Center |
| 1:07 | Construir | Town Center |
| 1:07 | Construir | Town Center |
| 1:08 | Construir | Town Center |
| 1:10 | Construir | Town Center |
| 1:10 | Construir | Town Center |
| 1:13 | Construir | Town Center |
| 1:14 | Construir | Town Center |
| 1:17 | Construir | Town Center |
| 1:18 | Construir | Town Center |
| 1:19 | Construir | Town Center |
| 1:40 | Construir | Town Center |
| 1:41 | Construir | Town Center |
| 1:53 | Crear | Villager (Male) ×5 |
| 1:53 | Crear | Villager (Male) ×5 |
| 1:53 | Crear | Villager (Male) ×5 |
| 1:54 | Crear | Villager (Male) ×5 |
| 1:54 | Crear | Villager (Male) ×5 |
| 1:54 | Crear | Villager (Male) ×5 |
| 1:55 | Crear | Villager (Male) ×5 |
| 1:55 | Crear | Villager (Male) ×5 |
| 1:55 | Crear | Villager (Male) ×5 |
| 1:55 | Crear | Villager (Male) ×4 |
| 2:12 | Construir | Market |
| 2:22 | Construir | Market |
| 2:31 | Crear | Villager (Male) ×5 |
| 2:31 | Crear | Villager (Male) ×5 |
| 2:31 | Crear | Villager (Male) ×5 |
| 2:32 | Crear | Villager (Male) ×5 |
| 3:01 | Crear | Villager (Male) ×5 |
| 3:01 | Crear | Villager (Male) ×5 |
| 3:02 | Crear | Villager (Male) ×5 |
| 3:22 | Crear | Villager (Male) ×5 |
| 3:22 | Crear | Villager (Male) ×5 |
| 3:22 | Crear | Villager (Male) ×5 |
| 3:22 | Crear | Villager (Male) ×5 |
| 4:06 | Crear | Trade Cart ×5 |
| 4:07 | Crear | Trade Cart ×5 |
| 4:07 | Crear | Trade Cart ×5 |
| 4:07 | Crear | Trade Cart ×5 |
| 4:07 | Crear | Trade Cart ×5 |
| 4:08 | Crear | Trade Cart ×5 |
| 4:19 | Construir | House |
| 4:19 | Construir | House |
| 4:20 | Construir | House |
| 4:20 | Construir | House |
| 4:20 | Construir | House |
| 4:21 | Construir | House |
| 4:21 | Construir | House |
| 4:22 | Construir | House |
| 4:22 | Construir | House |
| 4:26 | Construir | House |
| 4:26 | Construir | House |
| 4:26 | Construir | House |
| 4:27 | Construir | House |
| 4:27 | Construir | House |
| 4:27 | Construir | House |
| 4:34 | Construir | House |
| 4:35 | Construir | House |
| 4:35 | Construir | House |
| 4:35 | Construir | House |
| 4:36 | Construir | House |
| 4:36 | Construir | House |
| 4:37 | Construir | House |
| 4:37 | Construir | House |
| 4:38 | Construir | House |
| 4:38 | Construir | House |
| 4:38 | Construir | House |
| 4:38 | Construir | House |
| 4:39 | Construir | House |
| 4:42 | Construir | House |
| 4:42 | Construir | House |
| 4:43 | Construir | House |
| 4:48 | Construir | House |
| 4:48 | Construir | House |
| 4:48 | Construir | House |
| 4:49 | Construir | House |
| 4:49 | Construir | House |
| 4:49 | Construir | House |
| 4:50 | Construir | House |
| 5:24 | Construir | Town Center |
| 5:36 | Crear | Villager (Male) ×5 |
| 5:36 | Crear | Villager (Male) ×5 |
| 5:36 | Crear | Villager (Male) ×5 |
| 5:37 | Crear | Villager (Male) ×5 |
| 5:37 | Crear | Villager (Male) ×5 |
| 5:37 | Crear | Villager (Male) ×5 |
| 5:37 | Crear | Villager (Male) ×5 |
| 5:38 | Crear | Villager (Male) ×5 |
| 5:38 | Crear | Villager (Male) ×5 |
| 5:38 | Crear | Villager (Male) ×5 |
| 5:39 | Crear | Villager (Male) |
| 6:14 | Crear | Villager (Male) ×5 |
| 6:14 | Crear | Villager (Male) ×5 |
| 6:14 | Crear | Villager (Male) ×5 |
| 6:14 | Crear | Villager (Male) ×5 |
| 6:15 | Crear | Villager (Male) ×5 |
| 6:15 | Crear | Villager (Male) ×5 |
| 6:15 | Crear | Villager (Male) ×5 |
| 6:16 | Crear | Villager (Male) ×3 |
| 6:36 | Crear | Villager (Male) ×5 |
| 6:36 | Crear | Villager (Male) ×5 |
| 6:36 | Crear | Villager (Male) ×5 |
| 6:37 | Crear | Villager (Male) ×5 |
| 6:37 | Crear | Villager (Male) ×5 |
| 6:37 | Crear | Villager (Male) ×5 |
| 6:38 | Crear | Villager (Male) ×5 |
| 6:38 | Crear | Villager (Male) ×5 |
| 6:39 | Crear | Villager (Male) ×5 |
| 6:39 | Crear | Villager (Male) ×5 |
| 6:39 | Crear | Villager (Male) ×5 |
| 6:39 | Crear | Villager (Male) ×5 |
| 6:39 | Crear | Villager (Male) ×5 |
| 6:40 | Crear | Villager (Male) ×5 |
| 6:40 | Crear | Villager (Male) ×5 |
| 6:40 | Crear | Villager (Male) ×5 |
| 6:41 | Crear | Villager (Male) ×5 |
| 6:41 | Crear | Villager (Male) ×5 |
| 6:41 | Crear | Villager (Male) ×5 |
| 6:41 | Crear | Villager (Male) ×5 |
| 7:32 | Crear | Villager (Male) |
| 7:33 | Crear | Villager (Male) ×5 |
| 7:33 | Crear | Villager (Male) ×5 |
| 7:33 | Crear | Villager (Male) ×5 |
| 7:34 | Crear | Villager (Male) ×5 |
| 7:34 | Crear | Villager (Male) ×5 |
| 7:34 | Crear | Villager (Male) ×5 |
| 7:35 | Crear | Villager (Male) ×5 |
| 7:35 | Crear | Villager (Male) ×5 |
| 7:35 | Crear | Villager (Male) ×5 |
Build order — Rain
Primeras 150 de 1887 acciones detectadas
| 0:16 | Construir | Town Center |
| 0:17 | Construir | Town Center |
| 0:20 | Construir | Town Center |
| 0:21 | Construir | Town Center |
| 0:24 | Construir | Town Center |
| 0:26 | Construir | Town Center |
| 0:28 | Construir | Town Center |
| 0:29 | Construir | Town Center |
| 0:32 | Construir | Town Center |
| 0:33 | Construir | Town Center |
| 0:36 | Construir | Town Center |
| 0:37 | Construir | Town Center |
| 0:41 | Construir | Town Center |
| 0:42 | Construir | Town Center |
| 0:46 | Construir | Town Center |
| 0:48 | Construir | Town Center |
| 0:56 | Construir | Market |
| 0:58 | Construir | Market |
| 1:05 | Crear | Villager (Male) ×5 |
| 1:05 | Crear | Villager (Male) ×5 |
| 1:05 | Crear | Villager (Male) ×5 |
| 1:21 | Crear | Villager (Male) ×5 |
| 1:21 | Crear | Villager (Male) ×5 |
| 1:22 | Crear | Villager (Male) ×5 |
| 1:23 | Crear | Villager (Male) ×5 |
| 1:23 | Crear | Villager (Male) ×5 |
| 1:24 | Crear | Villager (Male) ×5 |
| 1:32 | Crear | Villager (Male) |
| 1:32 | Crear | Villager (Male) |
| 1:33 | Crear | Villager (Male) ×5 |
| 1:33 | Crear | Villager (Male) ×5 |
| 1:34 | Crear | Villager (Male) ×5 |
| 1:34 | Crear | Villager (Male) ×5 |
| 1:44 | Construir | House |
| 1:45 | Construir | House |
| 1:48 | Construir | House |
| 1:49 | Construir | House |
| 1:50 | Construir | House |
| 1:51 | Construir | House |
| 1:53 | Construir | House |
| 1:56 | Construir | House |
| 1:57 | Construir | House |
| 1:58 | Construir | House |
| 2:00 | Construir | House |
| 2:00 | Construir | House |
| 2:01 | Construir | House |
| 2:01 | Construir | House |
| 2:03 | Construir | House |
| 2:03 | Construir | House |
| 2:05 | Construir | House |
| 2:05 | Construir | House |
| 2:06 | Construir | House |
| 2:08 | Construir | House |
| 2:09 | Construir | House |
| 2:11 | Construir | House |
| 2:13 | Construir | House |
| 2:13 | Construir | House |
| 2:15 | Construir | House |
| 2:15 | Construir | House |
| 2:16 | Construir | House |
| 2:23 | Crear | Villager (Male) ×5 |
| 2:23 | Crear | Villager (Male) ×5 |
| 2:24 | Crear | Villager (Male) ×5 |
| 2:24 | Crear | Villager (Male) ×5 |
| 2:24 | Crear | Villager (Male) ×5 |
| 2:25 | Crear | Villager (Male) ×5 |
| 2:25 | Crear | Villager (Male) ×5 |
| 2:25 | Crear | Villager (Male) ×5 |
| 2:26 | Crear | Villager (Male) ×5 |
| 2:26 | Crear | Villager (Male) ×5 |
| 2:26 | Crear | Villager (Male) ×5 |
| 2:27 | Crear | Villager (Male) ×5 |
| 2:27 | Crear | Villager (Male) ×5 |
| 2:27 | Crear | Villager (Male) ×5 |
| 2:28 | Crear | Villager (Male) ×5 |
| 2:28 | Crear | Villager (Male) ×5 |
| 2:28 | Crear | Villager (Male) ×5 |
| 2:29 | Crear | Villager (Male) ×5 |
| 2:29 | Crear | Villager (Male) ×5 |
| 2:30 | Crear | Villager (Male) ×3 |
| 2:30 | Crear | Villager (Male) ×3 |
| 2:42 | Construir | Town Center |
| 2:43 | Construir | Town Center |
| 2:44 | Construir | Town Center |
| 2:47 | Construir | Town Center |
| 2:49 | Construir | Town Center |
| 2:53 | Construir | Town Center |
| 2:54 | Construir | Town Center |
| 2:55 | Construir | Town Center |
| 2:57 | Construir | Town Center |
| 3:00 | Construir | Town Center |
| 3:01 | Construir | Town Center |
| 3:02 | Construir | Town Center |
| 3:46 | Construir | Lumber Camp |
| 3:54 | Crear | Villager (Male) ×5 |
| 3:54 | Crear | Villager (Male) ×5 |
| 3:55 | Crear | Villager (Male) ×5 |
| 3:55 | Crear | Villager (Male) ×5 |
| 3:56 | Crear | Villager (Male) ×5 |
| 4:11 | Construir | Market |
| 4:13 | Construir | Market |
| 4:16 | Construir | Market |
| 4:18 | Construir | Market |
| 4:20 | Construir | Market |
| 4:21 | Construir | Market |
| 4:23 | Construir | Market |
| 4:25 | Construir | Market |
| 4:26 | Construir | Market |
| 4:30 | Construir | Market |
| 4:31 | Construir | Market |
| 4:32 | Construir | Market |
| 4:34 | Construir | Market |
| 4:37 | Construir | Lumber Camp |
| 4:42 | Crear | Villager (Male) ×5 |
| 4:43 | Crear | Villager (Male) ×5 |
| 4:43 | Crear | Villager (Male) ×5 |
| 4:43 | Crear | Villager (Male) ×5 |
| 4:44 | Crear | Villager (Male) ×5 |
| 4:45 | Crear | Villager (Male) ×5 |
| 4:45 | Crear | Villager (Male) ×5 |
| 4:45 | Crear | Villager (Male) ×5 |
| 4:46 | Crear | Villager (Male) ×5 |
| 4:46 | Crear | Villager (Male) ×5 |
| 4:46 | Crear | Villager (Male) ×5 |
| 4:47 | Crear | Villager (Male) ×5 |
| 4:47 | Crear | Villager (Male) ×5 |
| 4:47 | Crear | Villager (Male) ×5 |
| 4:48 | Crear | Villager (Male) ×5 |
| 4:48 | Crear | Villager (Male) ×5 |
| 4:48 | Crear | Villager (Male) ×5 |
| 4:49 | Crear | Villager (Male) ×5 |
| 4:49 | Crear | Villager (Male) ×5 |
| 4:49 | Crear | Villager (Male) ×5 |
| 4:55 | Construir | Mining Camp |
| 5:02 | Construir | Mining Camp |
| 5:17 | Construir | House |
| 5:23 | Construir | House |
| 5:24 | Construir | House |
| 5:25 | Construir | House |
| 5:26 | Construir | House |
| 5:27 | Construir | House |
| 5:29 | Construir | House |
| 5:30 | Construir | House |
| 5:31 | Construir | House |
| 5:32 | Construir | House |
| 5:32 | Construir | House |
| 5:33 | Construir | House |
| 5:33 | Construir | House |
| 5:35 | Construir | House |
| 5:36 | Construir | House |
Build order — 疯狂的蚂蚁
Primeras 150 de 1852 acciones detectadas
| 0:06 | Construir | Market |
| 0:10 | Construir | Town Center |
| 0:10 | Construir | Town Center |
| 0:11 | Construir | Town Center |
| 0:12 | Construir | Town Center |
| 0:12 | Construir | Town Center |
| 0:13 | Construir | Town Center |
| 0:13 | Construir | Town Center |
| 0:13 | Construir | Town Center |
| 0:13 | Construir | Town Center |
| 0:14 | Construir | Town Center |
| 0:15 | Construir | Town Center |
| 0:15 | Construir | Town Center |
| 0:15 | Construir | Town Center |
| 0:16 | Construir | Town Center |
| 0:16 | Construir | Town Center |
| 0:16 | Construir | Town Center |
| 0:17 | Construir | Town Center |
| 0:18 | Construir | Town Center |
| 0:18 | Construir | Town Center |
| 0:18 | Construir | Town Center |
| 0:19 | Construir | Town Center |
| 0:27 | Crear | Villager (Male) ×5 |
| 0:28 | Crear | Villager (Male) ×5 |
| 0:28 | Crear | Villager (Male) ×5 |
| 0:42 | Construir | Town Center |
| 0:43 | Construir | Town Center |
| 0:43 | Construir | Town Center |
| 0:43 | Construir | Town Center |
| 0:46 | Construir | Town Center |
| 0:46 | Construir | Town Center |
| 0:47 | Construir | Town Center |
| 0:47 | Construir | Town Center |
| 0:47 | Construir | Town Center |
| 0:47 | Construir | Town Center |
| 0:48 | Construir | Town Center |
| 1:05 | Construir | Market |
| 1:10 | Construir | Market |
| 1:29 | Construir | Monastery |
| 1:40 | Construir | Market |
| 1:48 | Construir | Market |
| 1:49 | Construir | Market |
| 1:49 | Construir | Market |
| 1:49 | Construir | Market |
| 1:50 | Construir | Market |
| 1:50 | Construir | Market |
| 1:51 | Construir | Market |
| 1:52 | Construir | Market |
| 1:53 | Construir | Market |
| 1:53 | Construir | Market |
| 1:54 | Construir | Market |
| 1:54 | Construir | Market |
| 1:55 | Construir | Market |
| 1:55 | Construir | Market |
| 1:56 | Construir | Market |
| 1:56 | Construir | Market |
| 1:56 | Construir | Market |
| 1:57 | Construir | Market |
| 2:01 | Crear | Villager (Male) ×5 |
| 2:01 | Crear | Villager (Male) ×5 |
| 2:02 | Crear | Villager (Male) ×5 |
| 2:02 | Crear | Villager (Male) ×5 |
| 2:02 | Crear | Villager (Male) ×5 |
| 2:02 | Crear | Villager (Male) ×5 |
| 2:02 | Crear | Villager (Male) ×5 |
| 2:03 | Crear | Villager (Male) ×5 |
| 2:03 | Crear | Villager (Male) ×5 |
| 2:03 | Crear | Villager (Male) ×5 |
| 2:03 | Crear | Villager (Male) ×5 |
| 2:04 | Crear | Villager (Male) ×5 |
| 2:04 | Crear | Villager (Male) ×4 |
| 2:10 | Crear | Monk |
| 2:10 | Crear | Monk |
| 2:11 | Crear | Monk |
| 2:54 | Construir | House |
| 2:55 | Construir | House |
| 2:56 | Construir | House |
| 2:56 | Construir | House |
| 2:57 | Construir | House |
| 2:57 | Construir | House |
| 2:58 | Construir | House |
| 2:58 | Construir | House |
| 2:58 | Construir | House |
| 2:58 | Construir | House |
| 2:58 | Construir | House |
| 2:59 | Construir | House |
| 2:59 | Construir | House |
| 3:03 | Construir | House |
| 3:03 | Construir | House |
| 3:04 | Construir | House |
| 3:04 | Construir | House |
| 3:05 | Construir | House |
| 3:05 | Construir | House |
| 3:13 | Construir | House |
| 3:13 | Construir | House |
| 3:13 | Construir | House |
| 3:14 | Construir | House |
| 3:14 | Construir | House |
| 3:15 | Construir | House |
| 3:15 | Construir | House |
| 3:15 | Construir | House |
| 3:16 | Construir | House |
| 3:16 | Construir | House |
| 3:17 | Construir | House |
| 3:18 | Construir | House |
| 3:18 | Construir | House |
| 3:19 | Construir | House |
| 3:25 | Construir | House |
| 3:26 | Construir | House |
| 3:27 | Construir | House |
| 3:27 | Construir | House |
| 3:27 | Construir | House |
| 3:28 | Construir | House |
| 3:28 | Construir | House |
| 3:28 | Construir | House |
| 3:29 | Construir | House |
| 3:29 | Construir | House |
| 3:29 | Construir | House |
| 3:30 | Construir | House |
| 3:31 | Construir | House |
| 3:34 | Construir | House |
| 3:34 | Construir | House |
| 3:37 | Construir | House |
| 3:38 | Construir | House |
| 3:38 | Construir | House |
| 3:38 | Construir | House |
| 3:38 | Construir | House |
| 3:39 | Construir | House |
| 3:39 | Construir | House |
| 3:40 | Construir | House |
| 3:40 | Construir | House |
| 3:40 | Construir | House |
| 3:41 | Construir | House |
| 3:41 | Construir | House |
| 3:44 | Construir | House |
| 3:45 | Construir | House |
| 3:45 | Construir | House |
| 3:45 | Construir | House |
| 3:45 | Construir | House |
| 3:46 | Construir | House |
| 3:47 | Construir | House |
| 3:51 | Construir | House |
| 3:54 | Construir | House |
| 3:54 | Construir | House |
| 3:54 | Construir | House |
| 3:55 | Construir | House |
| 3:56 | Construir | House |
| 3:57 | Construir | House |
| 3:57 | Construir | House |
| 3:57 | Construir | House |
Build order — MUL SHOP KEPPER_HAHA
Primeras 150 de 2450 acciones detectadas
| 0:12 | Construir | Town Center |
| 0:12 | Construir | Town Center |
| 0:12 | Construir | Town Center |
| 0:12 | Construir | Town Center |
| 0:13 | Construir | Town Center |
| 0:13 | Construir | Town Center |
| 0:14 | Construir | Town Center |
| 0:14 | Construir | Town Center |
| 0:14 | Construir | Town Center |
| 0:15 | Construir | Town Center |
| 0:16 | Construir | Town Center |
| 0:17 | Construir | Town Center |
| 0:17 | Construir | Town Center |
| 0:18 | Construir | Town Center |
| 0:18 | Construir | Town Center |
| 0:20 | Construir | Town Center |
| 0:21 | Construir | Town Center |
| 0:26 | Crear | Villager (Male) ×5 |
| 0:27 | Crear | Villager (Male) |
| 0:27 | Crear | Villager (Male) ×5 |
| 0:27 | Crear | Villager (Male) |
| 0:27 | Crear | Villager (Male) ×5 |
| 0:40 | Construir | Market |
| 0:50 | Crear | Villager (Male) ×5 |
| 0:51 | Crear | Villager (Male) ×5 |
| 0:51 | Crear | Villager (Male) |
| 0:51 | Crear | Villager (Male) ×5 |
| 0:52 | Crear | Villager (Male) ×5 |
| 0:52 | Crear | Villager (Male) ×5 |
| 1:03 | Construir | Town Center |
| 1:04 | Construir | Town Center |
| 1:06 | Construir | Town Center |
| 1:07 | Construir | Town Center |
| 1:09 | Construir | Town Center |
| 1:10 | Construir | Town Center |
| 1:17 | Crear | Villager (Male) ×5 |
| 1:17 | Crear | Villager (Male) ×5 |
| 1:17 | Crear | Villager (Male) ×5 |
| 1:18 | Crear | Villager (Male) ×5 |
| 1:18 | Crear | Villager (Male) ×2 |
| 1:45 | Crear | Villager (Male) ×5 |
| 1:46 | Crear | Villager (Male) ×5 |
| 1:46 | Crear | Villager (Male) ×5 |
| 1:46 | Crear | Villager (Male) ×5 |
| 1:46 | Crear | Villager (Male) |
| 1:47 | Crear | Villager (Male) ×3 |
| 1:48 | Crear | Villager (Male) ×5 |
| 1:48 | Crear | Villager (Male) ×5 |
| 1:49 | Crear | Villager (Male) ×5 |
| 1:49 | Crear | Villager (Male) ×5 |
| 2:10 | Crear | Villager (Male) ×5 |
| 2:10 | Crear | Villager (Male) ×5 |
| 2:11 | Crear | Villager (Male) ×5 |
| 2:29 | Crear | Villager (Male) ×5 |
| 2:30 | Crear | Villager (Male) ×5 |
| 2:30 | Crear | Villager (Male) ×5 |
| 2:30 | Crear | Villager (Male) ×5 |
| 2:31 | Crear | Villager (Male) ×5 |
| 2:31 | Crear | Villager (Male) ×5 |
| 2:31 | Crear | Villager (Male) ×5 |
| 2:39 | Construir | Town Center |
| 2:39 | Construir | Town Center |
| 3:02 | Crear | Villager (Male) ×5 |
| 3:02 | Crear | Villager (Male) ×5 |
| 3:03 | Crear | Villager (Male) ×5 |
| 3:03 | Crear | Villager (Male) ×5 |
| 3:03 | Crear | Villager (Male) |
| 3:03 | Crear | Villager (Male) ×5 |
| 3:04 | Crear | Villager (Male) ×5 |
| 3:04 | Crear | Villager (Male) |
| 3:04 | Crear | Villager (Male) ×5 |
| 3:04 | Crear | Villager (Male) ×5 |
| 3:05 | Crear | Villager (Male) ×5 |
| 3:05 | Crear | Villager (Male) ×5 |
| 3:05 | Crear | Villager (Male) ×5 |
| 3:05 | Crear | Villager (Male) ×5 |
| 3:23 | Construir | Town Center |
| 3:30 | Crear | Villager (Male) ×5 |
| 3:30 | Crear | Villager (Male) ×5 |
| 3:30 | Crear | Villager (Male) ×5 |
| 3:31 | Crear | Villager (Male) ×5 |
| 3:31 | Crear | Villager (Male) ×5 |
| 3:31 | Crear | Villager (Male) ×5 |
| 3:32 | Crear | Villager (Male) ×5 |
| 3:32 | Crear | Villager (Male) ×5 |
| 3:32 | Crear | Villager (Male) ×5 |
| 3:33 | Crear | Villager (Male) ×5 |
| 3:33 | Crear | Villager (Male) ×5 |
| 3:33 | Crear | Villager (Male) ×5 |
| 3:33 | Crear | Villager (Male) ×5 |
| 3:34 | Crear | Villager (Male) ×5 |
| 3:34 | Crear | Villager (Male) ×5 |
| 3:34 | Crear | Villager (Male) ×5 |
| 3:35 | Crear | Villager (Male) ×5 |
| 3:35 | Crear | Villager (Male) ×5 |
| 3:35 | Crear | Villager (Male) ×5 |
| 3:35 | Crear | Villager (Male) |
| 3:36 | Crear | Villager (Male) ×5 |
| 3:36 | Crear | Villager (Male) ×5 |
| 3:36 | Crear | Villager (Male) ×5 |
| 3:37 | Crear | Villager (Male) ×5 |
| 3:37 | Crear | Villager (Male) ×5 |
| 3:37 | Crear | Villager (Male) ×5 |
| 3:50 | Construir | House |
| 3:50 | Construir | House |
| 3:51 | Construir | House |
| 3:51 | Construir | House |
| 3:52 | Construir | House |
| 3:52 | Construir | House |
| 3:52 | Construir | House |
| 3:53 | Construir | House |
| 3:53 | Construir | House |
| 3:54 | Construir | House |
| 3:54 | Construir | House |
| 3:54 | Construir | House |
| 3:54 | Construir | House |
| 3:54 | Construir | House |
| 3:56 | Construir | House |
| 3:56 | Construir | House |
| 3:57 | Construir | House |
| 3:57 | Construir | House |
| 3:57 | Construir | House |
| 3:57 | Construir | House |
| 3:58 | Construir | House |
| 3:58 | Construir | House |
| 3:59 | Construir | House |
| 4:00 | Construir | House |
| 4:00 | Construir | House |
| 4:00 | Construir | House |
| 4:01 | Construir | House |
| 4:01 | Construir | House |
| 4:01 | Construir | House |
| 4:15 | Construir | Market |
| 4:17 | Construir | Market |
| 4:19 | Construir | Market |
| 4:23 | Construir | Market |
| 4:25 | Construir | Market |
| 4:27 | Construir | Market |
| 4:28 | Construir | Market |
| 4:30 | Construir | Market |
| 4:31 | Construir | Market |
| 4:32 | Construir | Market |
| 4:33 | Construir | Market |
| 4:49 | Construir | House |
| 4:49 | Construir | House |
| 4:49 | Construir | House |
| 4:50 | Construir | House |
| 4:50 | Construir | House |
| 4:51 | Construir | House |
| 4:51 | Construir | House |
Build order — Los Nuer
Primeras 150 de 1433 acciones detectadas
| 0:42 | Construir | Mill |
| 0:59 | Construir | Stable |
| 1:01 | Construir | Stable |
| 1:06 | Construir | Stable |
| 1:09 | Construir | Stable |
| 1:11 | Construir | Stable |
| 1:23 | Construir | Farm |
| 1:25 | Construir | Farm |
| 1:28 | Construir | Farm |
| 1:29 | Construir | Farm |
| 1:32 | Construir | Farm |
| 1:33 | Construir | Farm |
| 1:37 | Construir | Farm |
| 1:40 | Construir | Farm |
| 1:41 | Construir | Farm |
| 1:45 | Construir | Farm |
| 1:49 | Construir | Farm |
| 1:51 | Construir | Farm |
| 1:53 | Construir | Farm |
| 1:59 | Construir | Farm |
| 2:04 | Construir | Farm |
| 2:06 | Construir | Farm |
| 2:29 | Crear | Villager (Male) |
| 2:29 | Crear | Villager (Male) |
| 2:29 | Crear | Villager (Male) |
| 2:30 | Crear | Villager (Male) |
| 2:30 | Crear | Villager (Male) |
| 2:30 | Crear | Villager (Male) |
| 2:30 | Crear | Villager (Male) |
| 2:31 | Crear | Villager (Male) |
| 2:31 | Crear | Villager (Male) |
| 2:32 | Crear | Villager (Male) |
| 2:32 | Crear | Villager (Male) |
| 2:32 | Crear | Villager (Male) |
| 2:33 | Crear | Villager (Male) |
| 2:33 | Crear | Villager (Male) |
| 2:33 | Crear | Villager (Male) |
| 2:34 | Crear | Villager (Male) |
| 3:17 | Construir | Town Center |
| 3:47 | Construir | Mining Camp |
| 4:36 | Construir | Lumber Camp |
| 4:56 | Construir | House |
| 4:57 | Construir | House |
| 4:58 | Construir | House |
| 4:59 | Construir | House |
| 5:02 | Construir | House |
| 5:05 | Construir | House |
| 5:08 | Construir | House |
| 5:09 | Construir | House |
| 5:11 | Construir | House |
| 5:12 | Construir | House |
| 5:13 | Construir | House |
| 5:14 | Construir | House |
| 5:15 | Construir | House |
| 5:17 | Construir | House |
| 5:19 | Construir | House |
| 5:45 | Crear | Villager (Male) |
| 5:46 | Crear | Villager (Male) |
| 5:46 | Crear | Villager (Male) |
| 5:46 | Crear | Villager (Male) |
| 5:47 | Crear | Villager (Male) |
| 5:47 | Crear | Villager (Male) |
| 5:47 | Crear | Villager (Male) |
| 5:48 | Crear | Villager (Male) |
| 5:48 | Crear | Villager (Male) |
| 5:48 | Crear | Villager (Male) |
| 5:49 | Crear | Villager (Male) |
| 5:49 | Crear | Villager (Male) |
| 5:49 | Crear | Villager (Male) |
| 6:28 | Crear | Villager (Male) |
| 6:38 | Construir | Mining Camp |
| 7:13 | Construir | Mining Camp |
| 8:55 | Crear | Villager (Male) |
| 8:55 | Crear | Villager (Male) |
| 8:56 | Crear | Villager (Male) |
| 8:56 | Crear | Villager (Male) |
| 8:56 | Crear | Villager (Male) |
| 8:57 | Crear | Villager (Male) |
| 8:57 | Crear | Villager (Male) |
| 9:14 | Construir | Siege Workshop |
| 9:17 | Construir | Siege Workshop |
| 9:21 | Construir | Siege Workshop |
| 9:25 | Construir | Siege Workshop |
| 10:21 | Construir | Stone Wall |
| 11:54 | Construir | Castle |
| 13:11 | Crear | Knight |
| 13:12 | Crear | Knight |
| 13:13 | Crear | Knight |
| 13:13 | Crear | Knight |
| 13:13 | Crear | Knight |
| 13:14 | Crear | Knight |
| 13:14 | Crear | Knight |
| 13:14 | Crear | Knight |
| 13:15 | Crear | Knight |
| 13:15 | Crear | Knight |
| 13:15 | Crear | Knight |
| 13:16 | Crear | Knight |
| 13:16 | Crear | Knight |
| 13:16 | Crear | Knight |
| 13:17 | Crear | Knight |
| 13:38 | Crear | Bombard Cannon |
| 13:39 | Crear | Bombard Cannon |
| 13:42 | Crear | Bombard Cannon |
| 13:42 | Crear | Bombard Cannon |
| 13:43 | Crear | Bombard Cannon |
| 13:45 | Crear | Bombard Cannon |
| 13:48 | Crear | Mangonel |
| 13:50 | Crear | Scorpion |
| 14:19 | Crear | Villager (Male) |
| 14:19 | Crear | Villager (Male) |
| 14:19 | Crear | Villager (Male) |
| 14:20 | Crear | Villager (Male) |
| 14:20 | Crear | Villager (Male) |
| 14:20 | Crear | Villager (Male) |
| 14:21 | Crear | Villager (Male) |
| 14:21 | Crear | Villager (Male) |
| 14:21 | Crear | Villager (Male) |
| 14:22 | Crear | Villager (Male) |
| 15:13 | Construir | Lumber Camp |
| 16:18 | Construir | Castle |
| 16:20 | Construir | Castle |
| 16:32 | Construir | Archery Range |
| 16:34 | Construir | Archery Range |
| 16:41 | Construir | Stable |
| 16:42 | Construir | Stable |
| 16:45 | Construir | Stable |
| 17:17 | Construir | Stone Wall |
| 17:46 | Construir | Gate |
| 17:54 | Construir | Stone Wall |
| 18:10 | Construir | Stone Wall |
| 19:49 | Construir | Mining Camp |
| 20:18 | Construir | Mining Camp |
| 20:40 | Construir | Market |
| 20:45 | Construir | Market |
| 22:26 | Construir | Stone Wall |
| 22:41 | Construir | Stone Wall |
| 23:27 | Construir | Stable |
| 23:45 | Crear | Coustillier |
| 23:45 | Crear | Coustillier |
| 23:46 | Crear | Coustillier |
| 23:46 | Crear | Coustillier |
| 23:46 | Crear | Coustillier |
| 23:47 | Crear | Coustillier |
| 23:47 | Crear | Coustillier |
| 23:47 | Crear | Coustillier |
| 23:47 | Crear | Coustillier |
| 23:48 | Crear | Coustillier |
| 23:48 | Crear | Coustillier |
| 23:49 | Crear | Coustillier |
| 23:49 | Crear | Coustillier |
Cronología de la partida
| 0:23 | 疯狂的蚂蚁 · first_market_buy 500 stone |
| 0:59 | Los Nuer · first_building Stable |
| 1:29 | 疯狂的蚂蚁 · first_building Monastery |
| 8:59 | King · wall_segment Stone Wall x74 |
| 9:14 | Los Nuer · first_building Siege Workshop |
| 9:34 | King · first_building Castle |
| 9:50 | Rain · wall_segment Stone Wall x16 |
| 9:51 | Rain · wall_segment Stone Wall x7 |
| 9:58 | Rain · wall_segment Stone Wall x19 |
| 10:01 | Rain · wall_segment Stone Wall x11 |
| 10:11 | Rain · wall_segment Stone Wall x54 |
| 10:21 | Los Nuer · wall_segment Stone Wall x32 |
| 10:30 | King · wall_segment Stone Wall x41 |
| 11:05 | Rain · first_market_buy 500 stone |
| 11:27 | Rain · wall_segment Stone Wall x31 |
| 11:30 | Rain · wall_segment Stone Wall x6 |
| 11:30 | Rain · wall_segment Stone Wall x1 |
| 11:39 | Rain · wall_segment Stone Wall x55 |
| 11:54 | Los Nuer · first_building Castle |
| 12:30 | 疯狂的蚂蚁 · first_building Castle |
| 13:27 | MALKOÇOĞLU · wall_segment Stone Wall x9 |
| 13:29 | 疯狂的蚂蚁 · wall_segment Stone Wall x72 |
| 13:40 | MALKOÇOĞLU · wall_segment Stone Wall x57 |
| 14:34 | MUL SHOP KEPPER_HAHA · wall_segment Stone Wall x55 |
| 14:46 | MUL SHOP KEPPER_HAHA · wall_segment Stone Wall x74 |
| 14:51 | Rain · wall_segment Stone Wall x26 |
| 15:00 | MUL SHOP KEPPER_HAHA · wall_segment Stone Wall x69 |
| 15:00 | Rain · wall_segment Stone Wall x4 |
| 15:14 | MALKOÇOĞLU · first_building Castle |
| 16:27 | 疯狂的蚂蚁 · wall_segment Stone Wall x18 |
| 16:32 | Los Nuer · first_building Archery Range |
| 16:32 | 疯狂的蚂蚁 · wall_segment Stone Wall x11 |
| 16:52 | Rain · first_building Castle |
| 17:05 | 疯狂的蚂蚁 · wall_segment Stone Wall x81 |
| 17:17 | Los Nuer · wall_segment Stone Wall x8 |
| 17:40 | MUL SHOP KEPPER_HAHA · first_building Castle |
| 17:49 | King · wall_segment Stone Wall x16 |
| 17:51 | King · wall_segment Stone Wall x5 |
| 17:54 | Los Nuer · wall_segment Stone Wall x3 |
| 17:55 | King · wall_segment Stone Wall x30 |
| 17:57 | Rain · wall_segment Stone Wall x45 |
| 18:00 | King · wall_segment Stone Wall x12 |
| 18:08 | King · wall_segment Stone Wall x10 |
| 18:10 | Los Nuer · wall_segment Stone Wall x4 |
| 18:10 | MUL SHOP KEPPER_HAHA · first_building Stable |
| 18:11 | King · wall_segment Stone Wall x9 |
| 18:13 | MALKOÇOĞLU · first_building Siege Workshop |
| 18:18 | King · wall_segment Stone Wall x17 |
| 18:32 | Rain · wall_segment Stone Wall x85 |
| 18:37 | 疯狂的蚂蚁 · first_building Stable |
| 18:42 | MUL SHOP KEPPER_HAHA · first_building Siege Workshop |
| 18:50 | 疯狂的蚂蚁 · first_building Siege Workshop |
| 18:57 | MUL SHOP KEPPER_HAHA · first_market_buy 500 stone |
| 18:59 | King · first_building Stable |
| 19:07 | MALKOÇOĞLU · first_building Stable |
| 19:25 | Rain · first_building Siege Workshop |
| 19:35 | King · first_market_buy 100 stone |
| 20:38 | MUL SHOP KEPPER_HAHA · wall_segment Stone Wall x51 |
| 20:49 | MUL SHOP KEPPER_HAHA · wall_segment Stone Wall x46 |
| 21:25 | King · first_building Siege Workshop |
| 21:30 | Rain · wall_segment Stone Wall x29 |
| 21:54 | Rain · first_building Barracks |
| 22:26 | Los Nuer · wall_segment Stone Wall x21 |
| 22:35 | MUL SHOP KEPPER_HAHA · wall_segment Stone Wall x46 |
| 22:41 | MUL SHOP KEPPER_HAHA · wall_segment Stone Wall x40 |
| 22:41 | Los Nuer · wall_segment Stone Wall x10 |
| 22:43 | King · wall_segment Stone Wall x16 |
| 22:56 | MUL SHOP KEPPER_HAHA · first_building Archery Range |
| 23:12 | Rain · wall_segment Stone Wall x34 |
| 23:13 | MALKOÇOĞLU · wall_segment Stone Wall x16 |
| 23:18 | Rain · wall_segment Stone Wall x46 |
| 23:21 | Rain · wall_segment Stone Wall x7 |
| 23:32 | MALKOÇOĞLU · wall_segment Stone Wall x28 |
| 23:52 | MALKOÇOĞLU · first_market_buy 100 stone |
| 24:32 | King · wall_segment Stone Wall x43 |
| 24:39 | 疯狂的蚂蚁 · wall_segment Stone Wall x31 |
| 24:57 | King · wall_segment Stone Wall x17 |
| 25:22 | MALKOÇOĞLU · wall_segment Stone Wall x39 |
| 25:44 | MALKOÇOĞLU · wall_segment Stone Wall x9 |
| 25:52 | MALKOÇOĞLU · wall_segment Stone Wall x12 |
| 26:40 | MALKOÇOĞLU · first_building Archery Range |
| 30:12 | King · wall_segment Stone Wall x10 |
| 31:56 | MALKOÇOĞLU · first_building Barracks |
| 39:49 | MUL SHOP KEPPER_HAHA · wall_segment Stone Wall x39 |
| 39:59 | MUL SHOP KEPPER_HAHA · wall_segment Stone Wall x17 |
| 44:17 | 疯狂的蚂蚁 · wall_segment Stone Wall x7 |
| 48:38 | MUL SHOP KEPPER_HAHA · wall_segment Stone Wall x30 |
| 48:44 | MUL SHOP KEPPER_HAHA · wall_segment Stone Wall x40 |
| 48:49 | MUL SHOP KEPPER_HAHA · wall_segment Stone Wall x26 |
| 51:49 | MUL SHOP KEPPER_HAHA · first_market_sell 500 food |
| 54:30 | King · first_market_sell 500 wood |
| 55:07 | Rain · first_building Stable |
| 56:10 | MUL SHOP KEPPER_HAHA · wall_segment Stone Wall x39 |
| 60:57 | MUL SHOP KEPPER_HAHA · wall_segment Stone Wall x11 |
| 61:21 | Rain · tribute_sent a jugador 1 |
| 61:22 | Rain · tribute_sent a jugador 3 |
| 61:22 | Rain · tribute_sent a jugador 4 |
| 61:22 | Rain · tribute_sent a jugador 5 |
| 61:22 | Rain · tribute_sent a jugador 6 |
| 62:13 | Rain · tribute_sent a jugador 1 |
| 62:13 | Rain · tribute_sent a jugador 3 |
| 62:13 | Rain · tribute_sent a jugador 4 |
| 62:13 | Rain · tribute_sent a jugador 5 |
| 62:13 | Rain · tribute_sent a jugador 6 |
| 65:20 | 疯狂的蚂蚁 · first_market_sell 500 wood |
| 65:56 | Los Nuer · first_market_buy 100 stone |
| 66:20 | MUL SHOP KEPPER_HAHA · wall_segment Stone Wall x41 |
| 66:26 | MUL SHOP KEPPER_HAHA · wall_segment Stone Wall x43 |
| 67:07 | MUL SHOP KEPPER_HAHA · wall_segment Stone Wall x20 |
| 67:46 | Rain · wall_segment Stone Wall x14 |
| 72:03 | MUL SHOP KEPPER_HAHA · wall_segment Stone Wall x22 |
| 74:24 | Los Nuer · wall_segment Stone Wall x20 |
| 75:24 | MUL SHOP KEPPER_HAHA · wall_segment Stone Wall x52 |
| 75:47 | 疯狂的蚂蚁 · tribute_sent a jugador 1 |
| 75:47 | 疯狂的蚂蚁 · tribute_sent a jugador 2 |
| 75:47 | 疯狂的蚂蚁 · tribute_sent a jugador 3 |
| 75:47 | 疯狂的蚂蚁 · tribute_sent a jugador 5 |
| 75:47 | 疯狂的蚂蚁 · tribute_sent a jugador 6 |
| 77:04 | Rain · wall_segment Stone Wall x7 |
| 77:06 | Rain · wall_segment Stone Wall x3 |
| 77:08 | Rain · wall_segment Stone Wall x5 |
| 78:26 | MUL SHOP KEPPER_HAHA · wall_segment Stone Wall x55 |
| 78:31 | 疯狂的蚂蚁 · wall_segment Stone Wall x8 |
| 78:35 | MUL SHOP KEPPER_HAHA · wall_segment Stone Wall x41 |
| 79:40 | Rain · tribute_sent a jugador 1 |
| 79:40 | Rain · tribute_sent a jugador 3 |
| 79:40 | Rain · tribute_sent a jugador 4 |
| 79:40 | Rain · tribute_sent a jugador 5 |
| 79:40 | Rain · tribute_sent a jugador 6 |
| 80:22 | Rain · wall_segment Stone Wall x7 |
| 87:04 | MUL SHOP KEPPER_HAHA · wall_segment Stone Wall x11 |
| 87:23 | MUL SHOP KEPPER_HAHA · wall_segment Stone Wall x17 |
| 88:00 | MUL SHOP KEPPER_HAHA · tribute_sent a jugador 1 |
| 88:00 | MUL SHOP KEPPER_HAHA · tribute_sent a jugador 2 |
| 88:00 | MUL SHOP KEPPER_HAHA · tribute_sent a jugador 3 |
| 88:00 | MUL SHOP KEPPER_HAHA · tribute_sent a jugador 4 |
| 88:00 | MUL SHOP KEPPER_HAHA · tribute_sent a jugador 6 |
| 89:51 | 疯狂的蚂蚁 · wall_segment Stone Wall x5 |
| 89:55 | 疯狂的蚂蚁 · wall_segment Stone Wall x23 |
| 90:03 | 疯狂的蚂蚁 · wall_segment Stone Wall x19 |
| 90:16 | 疯狂的蚂蚁 · wall_segment Stone Wall x6 |
| 91:18 | MUL SHOP KEPPER_HAHA · wall_segment Stone Wall x12 |
| 94:45 | MUL SHOP KEPPER_HAHA · first_building Barracks |
| 96:29 | Rain · tribute_sent a jugador 1 |
| 96:29 | Rain · tribute_sent a jugador 3 |
| 96:29 | Rain · tribute_sent a jugador 4 |
| 96:29 | Rain · tribute_sent a jugador 5 |
| 96:29 | Rain · tribute_sent a jugador 6 |
| 108:40 | MUL SHOP KEPPER_HAHA · wall_segment Stone Wall x39 |
| 108:47 | MUL SHOP KEPPER_HAHA · wall_segment Stone Wall x43 |
| 109:38 | Rain · wall_segment Stone Wall x12 |
| 111:43 | MUL SHOP KEPPER_HAHA · wall_segment Stone Wall x27 |
| 119:25 | MUL SHOP KEPPER_HAHA · wall_segment Stone Wall x23 |
| 123:17 | MUL SHOP KEPPER_HAHA · wall_segment Stone Wall x16 |
| 124:19 | Los Nuer · first_market_sell 100 food |
| 125:03 | MUL SHOP KEPPER_HAHA · tribute_sent a jugador 1 |
| 125:03 | MUL SHOP KEPPER_HAHA · tribute_sent a jugador 2 |
| 125:03 | MUL SHOP KEPPER_HAHA · tribute_sent a jugador 3 |
| 125:03 | MUL SHOP KEPPER_HAHA · tribute_sent a jugador 4 |
| 125:03 | MUL SHOP KEPPER_HAHA · tribute_sent a jugador 6 |
| 125:50 | MUL SHOP KEPPER_HAHA · tribute_sent a jugador 1 |
| 125:50 | MUL SHOP KEPPER_HAHA · tribute_sent a jugador 2 |
| 125:50 | MUL SHOP KEPPER_HAHA · tribute_sent a jugador 3 |
| 125:50 | MUL SHOP KEPPER_HAHA · tribute_sent a jugador 4 |
| 125:50 | MUL SHOP KEPPER_HAHA · tribute_sent a jugador 6 |
| 127:04 | MUL SHOP KEPPER_HAHA · tribute_sent a jugador 1 |
| 127:04 | MUL SHOP KEPPER_HAHA · tribute_sent a jugador 2 |
| 127:04 | MUL SHOP KEPPER_HAHA · tribute_sent a jugador 3 |
| 127:04 | MUL SHOP KEPPER_HAHA · tribute_sent a jugador 4 |
| 127:04 | MUL SHOP KEPPER_HAHA · tribute_sent a jugador 6 |
| 128:21 | MUL SHOP KEPPER_HAHA · tribute_sent a jugador 1 |
| 128:21 | MUL SHOP KEPPER_HAHA · tribute_sent a jugador 2 |
| 128:21 | MUL SHOP KEPPER_HAHA · tribute_sent a jugador 3 |
| 128:21 | MUL SHOP KEPPER_HAHA · tribute_sent a jugador 4 |
| 128:21 | MUL SHOP KEPPER_HAHA · tribute_sent a jugador 6 |
| 130:10 | MUL SHOP KEPPER_HAHA · tribute_sent a jugador 1 |
| 130:10 | MUL SHOP KEPPER_HAHA · tribute_sent a jugador 2 |
| 130:10 | MUL SHOP KEPPER_HAHA · tribute_sent a jugador 3 |
| 130:10 | MUL SHOP KEPPER_HAHA · tribute_sent a jugador 4 |
| 130:10 | MUL SHOP KEPPER_HAHA · tribute_sent a jugador 6 |
| 131:13 | MUL SHOP KEPPER_HAHA · tribute_sent a jugador 1 |
| 131:13 | MUL SHOP KEPPER_HAHA · tribute_sent a jugador 2 |
| 131:13 | MUL SHOP KEPPER_HAHA · tribute_sent a jugador 3 |
| 131:13 | MUL SHOP KEPPER_HAHA · tribute_sent a jugador 4 |
| 131:13 | MUL SHOP KEPPER_HAHA · tribute_sent a jugador 6 |
| 131:23 | MUL SHOP KEPPER_HAHA · tribute_sent a jugador 1 |
| 131:23 | MUL SHOP KEPPER_HAHA · tribute_sent a jugador 2 |
| 131:23 | MUL SHOP KEPPER_HAHA · tribute_sent a jugador 3 |
| 131:23 | MUL SHOP KEPPER_HAHA · tribute_sent a jugador 4 |
| 131:23 | MUL SHOP KEPPER_HAHA · tribute_sent a jugador 6 |
| 133:33 | 疯狂的蚂蚁 · resign |
| 134:01 | MUL SHOP KEPPER_HAHA · tribute_sent a jugador 1 |
| 134:01 | MUL SHOP KEPPER_HAHA · tribute_sent a jugador 2 |
| 134:01 | MUL SHOP KEPPER_HAHA · tribute_sent a jugador 3 |
| 134:01 | MUL SHOP KEPPER_HAHA · tribute_sent a jugador 4 |
| 134:01 | MUL SHOP KEPPER_HAHA · tribute_sent a jugador 6 |
[ ANÁLISIS IA · 1 CRÉDITO ]
¿Qué pasó realmente en esta partida?
Wolo.gg analiza cada decisión: build order, eco, micro, errores típicos por bracket. Análisis personalizado por WhatsApp o Discord en 30 segundos.
Guía civ
Teutones
Guía mapa
Michi
Perfil
BaTTaL GaZi